 Dungeon Crawl Stone Soup version 0.27.1-34-g3ba077fa99 (webtiles) character file.

Game seed: 3893046665327236423

11326 ticklebelly the Cleaver (level 11, -12/102 HPs)
             Began as a Minotaur Berserker on Jan 3, 2022.
             Was a High Priest of Trog.
             Mangled by a komodo dragon (17 damage)
             ... on level 1 of the Lair of Beasts.
             The game lasted 00:33:09 (12132 turns).

ticklebelly the Cleaver (Minotaur Berserker)       Turns: 12132, Time: 00:33:10

Health: -12/102    AC: 19    Str: 36    XL:     11   Next: 47%
Magic:  10/10      EV:  9    Int:  4    God:    Trog [*****.]
Gold:   622        SH: 11    Dex: 11    Spells: 10/10 levels left

rFire    . . .     SeeInvis .   D - +2 mace (holy)
rCold    . . .     Faith    .   A - +2 kite shield
rNeg     . . .     Spirit   .   s - +0 plate armour
rPois    .         Reflect  .   (helmet restricted)
rElec    .         Harm     .   (no cloak)
rCorr    .         Rampage  .   M - +0 pair of gloves
Will     .....                  p - +1 pair of boots
Stlth    ..........             J - amulet of regeneration
HPRegen  1.27/turn              d - +6 ring of strength
MPRegen  0.12/turn              L - +6 ring of strength

@: studying Axes
A: horns 2, retaliatory headbutt
a: Renounce Religion, Berserk, Trog's Hand, Brothers in Arms


You were on level 1 of the Lair of Beasts.
You worshipped Trog.
Trog was extremely pleased with you.
You visited 2 branches of the dungeon, and saw 10 of its levels.

You collected 622 gold pieces.

Inventory:

Hand Weapons
 D - a +2 mace of holy wrath (weapon)
 O - a +2 broad axe of electrocution
Missiles
 t - 20 boomerangs (quivered)
 N - a throwing net
Armour
 p - a +1 pair of boots (worn)
 s - a +0 plate armour (worn)
 A - a +2 kite shield (worn)
 M - a +0 pair of gloves (worn)
Jewellery
 d - a +6 ring of strength (left hand)
 y - an amulet of reflection
 J - an amulet of regeneration (around neck)
 L - a +6 ring of strength (right hand)
Wands
 k - a wand of digging (5)
 B - a wand of flame (4)
 C - a wand of iceblast (5)
 F - a wand of acid (12)
 I - a wand of paralysis (7)
Scrolls
 a - 2 scrolls of amnesia {unknown}
 e - a scroll of silence {unknown}
 f - a scroll of fog {unknown}
 g - a scroll of enchant armour {unknown}
 j - 9 scrolls of identify {unknown}
 l - 6 scrolls of teleportation {unknown}
 m - 3 scrolls of holy word {unknown}
 n - a scroll of magic mapping {unknown}
 o - 3 scrolls of vulnerability {unknown}
 q - a scroll of acquirement {unknown}
 r - 2 scrolls of immolation {unknown}
 u - 2 scrolls of torment {unknown}
 w - a scroll of blinking {unknown}
 x - 3 scrolls of enchant weapon {unknown}
 z - 5 scrolls of noise {unknown}
 E - a scroll of brand weapon {unknown}
 K - a scroll of fear {unknown}
Potions
 b - a potion of flight {unknown}
 c - 5 potions of curing {unknown}
 h - 3 potions of brilliance {unknown}
 i - 2 potions of resistance {unknown}
 v - a potion of invisibility {unknown}
 G - 2 potions of might {unknown}
 H - 3 potions of attraction {unknown}
 P - a potion of heal wounds {unknown}
 Q - a potion of magic {unknown}
 R - a potion of mutation {unknown}


   Skills:
 + Level 11.4 Fighting
 + Level 12.4 Axes
 + Level 11.1 Armour
 + Level 10.3 Dodging
 - Level 0.2 Shields


You had 10 spell levels left.
You didn't know any spells.
Your spell library was empty.

Dungeon Overview and Level Annotations

Branches:
Dungeon (8/15)             Temple (0/1) D:5            Lair (2/6) D:8
  Swamp: Lair:2-4    Shoals: Lair:2-4     Snake: Lair:2-4    Spider: Lair:2-4

Altars:
Ashenzari
Cheibriados
Kikubaaqudgha
Makhleb
Nemelex Xobeh
Okawaru
Ru
Trog
Vehumet
Wu Jian
Yredelemnul

Shops:
D:1 *   D:2 ?   D:5 [*   D:7 (

Annotations:
D:6 exclusion: statue


Innate Abilities, Weirdness & Mutations

You have a pair of horns on your head.
You reflexively headbutt those who attack you in melee.


Message History

The seven-headed hydra bites you but does no damage.
The seven-headed hydra bites you. x2; The yak closely misses you.
The komodo dragon bites you but does no damage.
You block the yak's attack.
Your +2 broad axe of electrocution stops crackling.
Your +2 mace of holy wrath softly glows with a divine radiance!
D - a +2 mace of holy wrath (weapon)
You block the seven-headed hydra's attack.
The seven-headed hydra barely misses you.
You block the seven-headed hydra's attack.
The seven-headed hydra bites you but does no damage. x2
You block the seven-headed hydra's attack.
The seven-headed hydra barely misses you.
The yak barely misses you.
You hit the seven-headed hydra. You headbutt the seven-headed hydra.
The seven-headed hydra is lightly wounded.
Your ogre hits the seven-headed hydra with a +0 giant spiked club!!
The yak gores you! The komodo dragon barely misses you.
You block the seven-headed hydra's attack. x2
The seven-headed hydra bites you but does no damage. x2
The seven-headed hydra barely misses you.
The seven-headed hydra bites you! x2
* * * LOW HITPOINT WARNING * * *
The yak gores you but does no damage.
Your ogre barely misses the seven-headed hydra.
You block the komodo dragon's attack. The yak gores you.
* * * LOW HITPOINT WARNING * * *
You sock the seven-headed hydra!
The seven-headed hydra is heavily wounded.
The seven-headed hydra bites you!
* * * LOW HITPOINT WARNING * * *
You block the seven-headed hydra's attack.
The seven-headed hydra misses you. x2
You block the seven-headed hydra's attack.
The seven-headed hydra bites you but does no damage. x2
Your ogre hits the seven-headed hydra with a +0 giant spiked club!!
The yak gores you but does no damage. The yak gores you.
* * * LOW HITPOINT WARNING * * *
The komodo dragon bites you!
You die...

.........## #.....#....#
..........# #....##....#
.........## #....#.....#
.........# #....#P....#
.........# ### #....##....#
.........######.####..........#
..............................#
................YDO...........#
...............l@.............#
................Y.......##....##
..........#.####.##.....##.....#
.........P### ####...<.##.....#
..........# ##....##....##
.........## #....##....#
.........## ##.....#....#
..........# #.....##....#
.........## ##....##....#


You could see a seven-headed hydra (ally target), a komodo dragon, 2 yaks and a
friendly ogre (summoned, berserk).

Vanquished Creatures
  A hydra (Lair:1)
  4 cane toads (Lair:1)
  A komodo dragon (Lair:1)
  A troll (D:8)
  A wyvern (D:8)
  Grum (Lair:1)
  10 yaks (Lair:1)
  A steam dragon (D:8)
  A basilisk (Lair:1)
  A vampire mosquito (D:8)
  2 wargs (D:8)
  7 water moccasins
  A hornet zombie (D:7)
  6 orc warriors
  2 necrophages
  A sky beast (D:7)
  9 wolves
  6 ogres
  7 centaurs
  A phantom (D:6)
  4 bullfrogs
  2 kobold brigands
  7 gnoll sergeants
  A scorpion (D:4)
  A water moccasin skeleton (D:5)
  A wight (D:7)
  6 killer bees (D:5)
  7 howler monkeys
  A centaur zombie (D:7)
  A bullfrog zombie (D:5)
  5 hounds
  A jelly (D:5)
  7 gnoll shamans
  7 orc priests
  An iguana (D:6)
  3 bullfrog skeletons
  8 orc wizards
  A scorpion zombie (D:5)
  4 hound skeletons
  45 gnolls
  9 adders
  A white imp (D:6)
  2 ufetubi
  2 dart slugs (D:1)
  31 orcs
  5 ball pythons
  11 endoplasms
  4 giant cockroaches
  9 goblins
  9 hobgoblins
  14 jackals
  2 quokkas (D:1)
  3 bats
  2 frilled lizards (D:2)
  12 kobolds
  6 rats
299 creatures vanquished.

Vanquished Creatures (others)
  6 fungi (D:8)
  4 plants (D:8)
10 creatures vanquished.

Grand Total: 309 creatures vanquished

Notes
Turn   | Place    | Note
-------+----------+-------------------------------------------
     0 | D:1      | ticklebelly the Minotaur Berserker began the quest for the
                  | Orb.
     0 | D:1      | Reached XP level 1. HP: 19/19 MP: 0/0
   204 | D:1      | Reached XP level 2. HP: 27/27 MP: 1/1
   389 | D:1      | Found Itamuz's Assorted Antiques.
   438 | D:1      | Reached skill level 4 in Axes
   651 | D:1      | Reached ** piety under Trog
   768 | D:1      | Reached XP level 3. HP: 33/33 MP: 2/2
  1288 | D:2      | Found Nepsocs's Magic Scroll Emporium.
  1340 | D:2      | Reached XP level 4. HP: 39/41 MP: 3/3
  1807 | D:2      | Found an ancient bone altar of Kikubaaqudgha.
  2341 | D:3      | Reached XP level 5. HP: 28/47 MP: 4/4
  2954 | D:3      | Reached *** piety under Trog
  2968 | D:3      | Reached skill level 5 in Fighting
  3208 | D:3      | Found a sparkling altar of Nemelex Xobeh.
  3352 | D:4      | Noticed a necrophage
  3360 | D:4      | Killed a necrophage
  3361 | D:4      | Reached skill level 5 in Axes
  3361 | D:4      | Reached XP level 6. HP: 47/56 MP: 5/5
  3437 | D:4      | Found a burning altar of Makhleb.
  3482 | D:4      | Found a basalt altar of Yredelemnul.
  3528 | D:4      | Found a bloodstained altar of Trog.
  3557 | D:4      | Found a sacrificial altar of Ru.
  4121 | D:5      | Entered Level 5 of the Dungeon
  4130 | D:5      | Reached XP level 7. HP: 58/62 MP: 6/6
  4131 | D:5      | Reached skill level 5 in Armour
  4536 | D:5      | Reached **** piety under Trog
  4544 | D:5      | Reached skill level 6 in Axes
  4544 | D:5      | Reached skill level 5 in Dodging
  4735 | D:5      | Found a staircase to the Ecumenical Temple.
  4909 | D:5      | Reached XP level 8. HP: 59/71 MP: 7/7
  5231 | D:5      | Found an ornate altar of the Wu Jian Council.
  5236 | D:5      | Reached skill level 7 in Axes
  5417 | D:5      | Found an ancient bone altar of Kikubaaqudgha.
  5417 | D:5      | Found a snail-covered altar of Cheibriados.
  5607 | D:5      | Found an iron altar of Okawaru.
  5620 | D:5      | Found Reeboc's Elemental Accessories.
  5701 | D:5      | Found Acojif's Antique Armour Shop.
  6371 | D:5      | Reached XP level 9. HP: 69/81 MP: 8/8
  6766 | D:6      | Reached skill level 8 in Axes
  6771 | D:6      | Found a radiant altar of Vehumet.
  8045 | D:7      | Found Xacw's Antique Weapon Shop.
  8118 | D:7      | Identified the +6 dagger of the Past {vorpal, rF- Str+8}
  8128 | D:7      | Reached skill level 9 in Axes
  8134 | D:7      | Reached ***** piety under Trog
  8406 | D:7      | Found a broken altar of Ashenzari.
  8834 | D:8      | Reached XP level 10. HP: 72/91 MP: 9/9
  9156 | D:8      | Found a staircase to the Lair.
 10071 | D:8      | Reached skill level 10 in Fighting
 10133 | D:8      | Reached skill level 10 in Axes
 10724 | Lair:1   | Entered Level 1 of the Lair of Beasts
 10728 | Lair:1   | Reached skill level 10 in Armour
 10780 | Lair:1   | Noticed Grum
 10783 | Lair:1   | Killed Grum
 10928 | Lair:1   | Reached skill level 11 in Axes
 10932 | Lair:1   | Reached XP level 11. HP: 81/101 MP: 10/10
 11312 | Lair:1   | Noticed a four-headed hydra
 11322 | Lair:1   | Killed a four-headed hydra
 11323 | Lair:1   | Reached skill level 10 in Dodging
 11643 | Lair:1   | Reached skill level 12 in Axes
 12065 | Lair:2   | Noticed a seven-headed hydra
 12132 | Lair:1   | HP: 5/102 [yak (4)]
 12132 | Lair:1   | Mangled by a komodo dragon

Illustrated notes

Levels and vault maps discovered:
D:1:      dpeg_arrival_chambers_temple_mockup, layout_basic, serial_shops, shop,
          minmay_misc_feat_pillars, kennysheep_pointless_box
D:2:      minmay_evil_eye, layout_loops_corners, basic_altar, serial_shops,
          shop, chequers_arboretum, minmay_tromino_v7
D:3:      layout_loops_ring, nemelex_dance_club_becter, kennysheep_nondescript,
          bh_walls_and_bars
D:4:      layout_basic, nicolae_overflow_quartered_altars
D:5:      minmay_chambers_of_fours, layout_cave_pools,
          chequers_temple_overflow_statue_of_worship,
          minmay_temple_entry_butterflies, serial_gnoll_camp,
          gnoll_camp_medium_01, gnoll_camp_mini_shop, gnoll_camp_mini_sergeant,
          gnoll_camp_medium_02, gnoll_camp_mini_loothouse,
          gnoll_camp_huts_basic, minmay_crystal_water, nicolae_elemental_shop
D:6:      layout_basic, vehumet_statue
D:7:      layout_cave_pools, marbit_many_paths, serial_shops,
          nicolae_shop_statue_plus, sword_in_stone
D:8:      kennysheep_seaside_town, layout_basic, erik_lair_orcish_takeover,
          minmay_manual_moon
Lair:1:   layout_long_grid, uniq_grum
Lair:2:   layout_gridlike, palyth_hydra_swamp_entry, dummy_snake_entry,
          gammafunk_ghost_icy, chequers_serial_rivers_micro_c,
          infiniplex_staircase_pool_2

Skill      XL: |  1  2  3  4  5  6  7  8  9 10 11 |
---------------+----------------------------------+-----
Fighting       | 4 5 6 7 9 10 11 | 11.4
Axes           | 4 5 6 7 9 11 12 | 12.4
Armour         | 3 4 6 7 9 10 11 | 11.1
Dodging        | 3 4 5 6 8 9 10 | 10.3
Shields        | |  0.2

Action                   |  1- 3 |  4- 6 |  7- 9 | 10-12 || total
-------------------------+-------+-------+-------+-------++-------
Melee: Hand axe          |    56 |   121 |   244 |       ||   421
       Headbutt          |    12 |    21 |    90 |    42 ||   165
       Broad axe         |       |       |   101 |   160 ||   261
       Mace              |       |       |       |     9 ||     9
Invok: Berserk           |     1 |     1 |     3 |     1 ||     6
       Trog's Hand       |       |       |     4 |     1 ||     5
       Brothers in Arms  |       |       |       |     1 ||     1
Armor: Animal skin       |    10 |     6 |       |       ||    16
       Leather armour    |       |    12 |       |       ||    12
       Plate armour      |       |    22 |   230 |   149 ||   401
Dodge: Dodged            |    44 |    88 |   218 |   124 ||   474
Block: Kite shield       |       |       |    21 |   164 ||   185
